3131 views
Uploaded 2020-03-29 15:51:34
Game version 1.32.3
5:15 long 2on2 ladder game on (4)TurtleRock
Saved by Herzim
3131 views
Uploaded 2020-03-29 15:51:34
Game version 1.32.3
5:15 long 2on2 ladder game on (4)TurtleRock


/ 0.2k
14 buildings @ 2.4k
/ 0.6k

| Acolyte | 2 | 150 | / | 0 |
| Ghoul | 4 | 480 | / | 0 |
| Crypt Fiend | 3 | 645 | / | 120 |
| total: | 9 | 1275g | / | 120w |
| Ziggurat | 4 | 600 | / | 200 |
| Crypt | 1 | 200 | / | 50 |
| Altar of Darkness | 1 | 180 | / | 50 |
| Graveyard | 1 | 215 | / | 0 |
| total: | 7 | 1195g | / | 300w |
| 0:12 | Acolyte |
| 0:12 | Acolyte |
| 0:22 | Ziggurat |
| 0:24 | Ziggurat |
| 0:26 | Ziggurat |
| 0:29 | Ziggurat |
| 0:58 | Crypt |
| 1:32 | Altar of Darkness |
| 1:45 | Graveyard |
| 2:01 | Ghoul |
| 2:01 | Ghoul |
| 2:38 | Ghoul |
| 2:39 | Ghoul |
| 3:09 | Unholy Strength |
| 3:10 | Unholy Armor |
| 3:18 | Crypt Fiend |
| 3:31 | Crypt Fiend |
| 3:54 | Crypt Fiend |
| 4:17 | Cannibalize |
| 4:43 | Death Coil |
| Select | 48 |
| Right click | 32 |
| Build/train/purchase | 14 |
| Assign group | 1 |
| Select group | 1 |

| Peon | 7 | 525 | / | 0 |
| Troll Headhunter | 2 | 280 | / | 40 |
| total: | 9 | 805g | / | 40w |
| Altar of Storms | 2 | 360 | / | 100 |
| Orc Burrow | 2 | 320 | / | 80 |
| War Mill | 1 | 205 | / | 0 |
| Barracks | 1 | 180 | / | 50 |
| Voodoo Lounge | 1 | 130 | / | 30 |
| total: | 7 | 1195g | / | 260w |
| 0:03 | Peon |
| 0:03 | Peon |
| 0:06 | Altar of Storms |
| 0:11 | Altar of Storms |
| 0:21 | Orc Burrow |
| 0:23 | Peon |
| 0:24 | Peon |
| 0:49 | War Mill |
| 1:06 | Barracks |
| 1:09 | Peon |
| 1:19 | Peon |
| 1:40 | Orc Burrow |
| 2:06 | Voodoo Lounge |
| 2:09 | Troll Headhunter |
| 2:11 | Feral Spirit |
| 2:32 | Troll Headhunter |
| 2:36 | Peon |
| Right click | 76 |
| Chat | 58 |
| Select group | 54 |
| Select | 30 |
| Build/train/purchase | 12 |
| Assign group | 5 |
| Minimap ping | 3 |
28 units @ 2.9k
/ 0k
19 buildings @ 2.4k
/ 0.7k

| Healing Salve | 2 | 200 |
| Lesser Clarity Potion | 2 | 140 |
| Scroll of Speed | 1 | 50 |
| Circlet of Nobility | 1 | 175 |
| Boots of Speed | 1 | 250 |
| total: | 7 | 815g |
| Peon | 9 | 675 | / | 0 |
| Grunt | 3 | 600 | / | 0 |
| total: | 12 | 1275g | / | 0w |
| Altar of Storms | 1 | 180 | / | 50 |
| Orc Burrow | 3 | 480 | / | 120 |
| Barracks | 1 | 180 | / | 50 |
| Voodoo Lounge | 1 | 130 | / | 30 |
| Beastiary | 1 | 145 | / | 140 |
| Stronghold | 3 | 945 | / | 570 |
| total: | 7 | 1115g | / | 390w |
| 0:03 | Peon |
| 0:07 | Altar of Storms |
| 0:12 | Peon |
| 0:16 | Orc Burrow |
| 0:19 | Peon |
| 0:33 | Barracks |
| 0:41 | Peon |
| 0:41 | Peon |
| 0:41 | Peon |
| 0:52 | Peon |
| 1:12 | Peon |
| 1:23 | Voodoo Lounge |
| 1:33 | Peon |
| 2:05 | Wind Walk |
| 2:19 | Stronghold |
| 2:32 | Grunt |
| 2:34 | Orc Burrow |
| 2:42 | Healing Salve |
| 2:42 | Lesser Clarity Potion |
| 2:42 | Scroll of Speed |
| 2:49 | Lesser Clarity Potion |
| 2:49 | Healing Salve |
| 3:12 | Circlet of Nobility |
| 3:34 | Grunt |
| 3:47 | Boots of Speed |
| 4:08 | Orc Burrow |
| 4:31 | Grunt |
| 4:48 | Beastiary |
| Right click | 234 |
| Select group | 90 |
| Assign group | 80 |
| Select | 66 |
| Build/train/purchase | 31 |
| Use ability | 3 |
| Item give/drop | 1 |

| Peasant | 9 | 675 | / | 0 |
| Footman | 7 | 945 | / | 0 |
| total: | 16 | 1620g | / | 0w |
| Scout Tower | 1 | 30 | / | 20 |
| Arcane Tower | 1 | 70 | / | 50 |
| Altar of Kings | 1 | 180 | / | 50 |
| Farm | 5 | 400 | / | 100 |
| Barracks | 1 | 160 | / | 60 |
| Arcane Vault | 1 | 130 | / | 30 |
| Lumber Mill | 2 | 240 | / | 0 |
| Blacksmith | 1 | 140 | / | 60 |
| Keep | 1 | 320 | / | 210 |
| total: | 12 | 1280g | / | 320w |
| 0:02 | Peasant |
| 0:06 | Altar of Kings |
| 0:14 | Peasant |
| 0:18 | Farm |
| 0:21 | Barracks |
| 0:24 | Peasant |
| 0:39 | Peasant |
| 0:48 | Farm |
| 0:51 | Peasant |
| 1:10 | Peasant |
| 1:22 | Footman |
| 1:25 | Farm |
| 1:37 | Peasant |
| 1:45 | Footman |
| 1:52 | Peasant |
| 2:05 | Footman |
| 2:06 | Summon Water Elemental |
| 2:17 | Peasant |
| 2:21 | Scout Tower |
| 2:45 | Keep |
| 3:09 | Arcane Tower |
| 3:13 | Arcane Vault |
| 3:41 | Footman |
| 3:45 | Farm |
| 3:49 | Lumber Mill |
| 3:58 | Lumber Mill |
| 4:02 | Brilliance Aura |
| 4:20 | Footman |
| 4:27 | Blacksmith |
| 4:46 | Footman |
| 4:51 | Farm |
| 5:09 | Footman |
| 5:11 | Defend |
| Right click | 362 |
| Select group | 148 |
| Select | 124 |
| Build/train/purchase | 41 |
| Misc. action | 28 |
| Assign group | 22 |
| Esc | 1 |